 Dungeon Crawl Stone Soup version 0.23-a0-494-g91793a9df2 (webtiles) character file.

138373 Naow the Severer (level 17, -15/124 HPs)
             Began as a Formicid Fighter on Dec 3, 2018.
             Was the Champion of Okawaru.
             Killed from afar by a nagaraja (26 damage)
             ... with an orb of energy
             ... on level 3 of the Snake Pit.
             The game lasted 00:57:34 (28314 turns).

Naow the Severer (Formicid Fighter)                Turns: 28314, Time: 00:57:35

Health: -15/124    AC: 41    Str: 24    XL:     17   Next: 85%
Magic:  11/17      EV: 11    Int:  8    God:    Okawaru [******]
Gold:   1714       SH: 16    Dex: 12    Spells: 16/16 levels left

rFire    . . .     SeeInvis +   X - +1 executioner's axe (chop)
rCold    . . .     Gourm    .   J - +2 shield {reflect}
rNeg     . . .     Faith    .   K - +7 crystal plate armour
rPois    +         Spirit   .   (helmet unavailable)
rElec    +         Reflect  +   y - +0 cloak of the Sun {-Tele rPois Regen+}
rCorr    +         Harm     .   E - +0 pair of gloves {Str+3}
MR       ++...     Clarity  +   S - +0 pair of boots
Stlth    ..........             a - amulet of Prescription {+Inv rElec Regen+ Str-5}
HPRegen  1.10/turn              g - ring of resist corrosion
MPRegen  0.15/turn              n - ring of protection from magic

@: lethally poisoned (-15 -> -18), heroism, finesse
A: permanent stasis, dig shafts and tunnels, four strong arms, antennae 3,
iridescent scales 1, agile 1, clarity, dopey 1, frail 1
a: Dig, Shaft Self, Heroism, Finesse, Renounce Religion, Evoke Invisibility


You were on level 3 of the Snake Pit.
You worshipped Okawaru.
Okawaru was exalted by your worship.
You were near starving.

You visited 5 branches of the dungeon, and saw 25 of its levels.
You also visited: Ice Cave.

You collected 2630 gold pieces.
You spent 916 gold pieces at shops.

Inventory:

Hand Weapons
 I - a +1 flail of protection
 X - a +1 executioner's axe of chopping (weapon)
Armour
 j - a +1 pair of gloves
 s - a +2 plate armour of cold resistance
 y - the +0 cloak of the Sun (worn) {-Tele rPois Regen+}
   (You bought it in a shop on level 2 of the Orcish Mines)

   It protects you from poison.
   It prevents most forms of teleportation.
   It increases your rate of regeneration.
 E - a +0 pair of gloves of strength (worn)
 J - a +2 shield of reflection (worn)
 K - a +7 crystal plate armour (worn)
 S - a +0 pair of boots (worn)
 W - a +2 plate armour of fire resistance
 Y - the +0 shield of Ytunuoc {rF+ rC- SInv}
   (Okawaru gifted it to you on level 2 of the Snake Pit)

   It protects you from fire.
   It makes you vulnerable to cold.
   It lets you see invisible.
Jewellery
 a - the amulet of Prescription (around neck) {+Inv rElec Regen+ Str-5}
   (You acquired it on level 6 of the Lair of Beasts)

   [amulet of regeneration]

   It affects your strength (-5).
   It insulates you from electricity.
   It lets you turn invisible.
   It increases your rate of regeneration.
 c - a +5 ring of dexterity
 g - a ring of resist corrosion (left hand)
 n - a ring of protection from magic (right hand)
 p - an uncursed ring of see invisible {unknown}
 t - an uncursed ring of ice
 H - an uncursed ring of protection from magic
 M - an uncursed ring of ice
 Q - an uncursed ring of resist corrosion
 U - the ring "Japur" {Fire MR+}
   (You found it on level 2 of the Lair of Beasts)

   [ring of fire]

   It enhances your fire magic.
   It protects you from fire.
   It makes you vulnerable to cold.
   It affects your resistance to hostile enchantments.
 V - an uncursed ring of protection from magic
Wands
 b - a wand of random effects (32)
 B - a wand of acid (9)
 C - a wand of polymorph (15)
 L - a wand of disintegration (10)
 P - a wand of paralysis (3)
 R - a wand of enslavement (14)
 Z - a wand of scattershot (7)
Scrolls
 e - 19 scrolls of identify
 i - 2 scrolls of fear
 l - 14 scrolls of remove curse
 o - 2 scrolls of fog
 v - 4 scrolls of amnesia
 A - 2 scrolls of enchant weapon
 G - 2 scrolls of brand weapon
 T - 4 scrolls of magic mapping
Potions
 d - 4 potions of might
 h - 6 potions of agility
 k - 5 potions of cancellation
 m - a potion of ambrosia
 q - 5 potions of lignification
 r - 3 potions of brilliance
 u - 2 potions of haste {unknown}
 w - 4 potions of magic
 x - 6 potions of curing
 z - 2 potions of heal wounds
 D - a potion of invisibility
 F - 3 potions of flight {unknown}
 N - a potion of degeneration {unknown}
 O - 3 potions of resistance
Comestibles
 f - 35 rations


   Skills:
 + Level 13.9(18.9) Fighting
 * Level 19.7(24.7) Axes
 + Level 15.7(20.7) Armour
 + Level 7.7(12.7) Dodging
 - Level 10.1(15.1) Shields


You had 16 spell levels left.
You didn't know any spells.
Your spell library contained the following spells:

 Spells                   Type           Power        Failure   Level  Hunger
 Animate Skeleton         Necr           N/A          100%        1    ##.....
 Apportation              Tloc           #.....       100%        1    ##.....
 Beastly Appendage        Tmut           #.....       100%        1    ##.....
 Confusing Touch          Hex            #.....       100%        1    ##.....
 Pain                     Necr           #...         100%        1    ##.....
 Sting                    Conj/Pois      #...         100%        1    ##.....
 Summon Butterflies       Summ           #.......     100%        1    ##.....
 Summon Small Mammal      Summ           #...         100%        1    ##.....
 Call Imp                 Summ           #.......     100%        2    ###....
 Poisonous Vapours        Pois/Air       #.....       100%        2    ###....
 Sticks to Snakes         Tmut           #.......     100%        2    ###....
 Call Canine Familiar     Summ           #.......     100%        3    ####...
 Confuse                  Hex            #.......     100%        3    ####...
 Conjure Flame            Conj/Fire      #.......     100%        3    ####...
 Gell's Gravitas          Tloc           #.........   100%        3    ####...
 Lesser Beckoning         Tloc           #.........   100%        3    ####...
 Mephitic Cloud           Conj/Pois/Air  #.......     100%        3    ####...
 Regeneration             Chrm/Necr      #.........   100%        3    ####...
 Spider Form              Tmut/Pois      #.........   100%        3    ####...
 Summon Guardian Golem    Hex/Summ       #.......     100%        3    ####...
 Tukima's Dance           Hex            #.......     100%        3    ####...
 Vampiric Draining        Necr           #.........   100%        3    ####...
 Animate Dead             Necr           N/A          100%        4    #####..
 Ice Form                 Ice/Tmut       #.......     100%        4    #####..
 Olgreb's Toxic Radiance  Pois           #.......     100%        4    #####..
 Petrify                  Tmut/Erth      #.......     100%        4    #####..
 Summon Ice Beast         Ice/Summ       #.......     100%        4    #####..
 Summon Lightning Spire   Summ/Air       #.......     100%        4    #####..
 Alistair's Intoxication  Tmut/Pois      #.......     100%        5    ######.
 Blade Hands              Tmut           #.........   100%        5    ######.
 Irradiate                Conj/Tmut      #.........   100%        5    ######.
 Metabolic Englaciation   Hex/Ice        #.........   100%        5    ######.
 Summon Mana Viper        Hex/Summ       #.......     100%        5    ######.
 Venom Bolt               Conj/Pois      #.........   100%        5    ######.
 Yara's Violent Unravell  Hex/Tmut       #.........   100%        5    ######.
 Freezing Cloud           Conj/Ice/Air   #.........   100%        6    #######
 Hydra Form               Tmut           #.........   100%        6    #######
 Invisibility             Hex            #.......     100%        6    #######
 Statue Form              Tmut/Erth      #........    100%        6    #######
 Dragon Form              Tmut           #.........   100%        7    #######
 Ring of Flames           Chrm/Fire      #.........   100%        7    #######
 Summon Hydra             Summ           #.........   100%        7    #######


Dungeon Overview and Level Annotations

Branches:
Dungeon (12/15)            Temple (1/1) D:6            Lair (6/6) D:10
 Shoals (0/4) Lair:2        Snake (4/4) Lair:3        Slime (0/5) Lair:5
    Orc (2/2) D:10            Elf (0/3) Orc:2

Altars:
Ashenzari
Cheibriados
Dithmenos
Elyvilon
Fedhas
Gozag
Hepliaklqana
Kikubaaqudgha
Makhleb
Nemelex Xobeh
Okawaru
Qazlal
Ru
Sif Muna
Trog
Uskayaw
Vehumet
Wu Jian
Xom
Yredelemnul
Zin
The Shining One
Beogh
Jiyva

Shops:
D:9 =   D:11 :   Orc:2 (([?   Snake:1 =*   Snake:2 *?!}:   Snake:4 *

Annotations:
Snake:3 exclusion: 2 oklob plants


Innate Abilities, Weirdness & Mutations

You cannot be hasted, slowed, berserked, paralysed or teleported.
You can dig through walls and to a lower floor.
Your four strong arms can wield two-handed weapons with a shield.
You have a pair of large antennae on your head. (SInv)
You are partially covered in iridescent scales. (AC +2)
You are agile. (Dex +2)
You possess an exceptional clarity of mind.
You are dopey. (Int -2)
You are frail. (-10% HP)


Message History

You feel sick.
The nagaraja points at you and mumbles some strange words.
The bolt of poison hits you! You resist.
* * * LOW HITPOINT WARNING * * *
You slice the nagaraja!!
The nagaraja is almost dead.
You slash the nagaraja! You hit the nagaraja but do no damage.
The nagaraja spits poison at you. The splash of poison hits you! You resist.
The nagaraja completely misses you.
* * * LOW HITPOINT WARNING * * *
The nagaraja constricts you.
The nagaraja hits you but does no damage.
You slash the nagaraja!
You kill the nagaraja!
Okawaru is honoured by your kill.
You closely miss the nagaraja. You slash the nagaraja!
You feel sick.
You feel sick. The nagaraja casts a spell at you. The orb of energy hits you!
You die...

#.# ##.## #.# #.# #.#
#.# #.# #.# #.# #.#
#.# #.# #.# #.# #
#####[## #.# #
#...@>N# ##.#######
#.####N#####.........
#.............#######
######.#####..# # #.#
#.## # ######'## #.#
## ##.......## #.#
##. ##.........###.#
##.. #...........##.#
#...


You could see 2 nagarajas.

Vanquished Creatures
  5 nagarajas
  2 orc warlords (Orc:2)
  Snorg (Lair:5)
  The ghost of hemabe the Protected, a journeyman HuAr of Trog (Lair:2)
  A fire dragon (Lair:6)
  An ettin (Orc:2)
  14 naga warriors
  7 hydras
  Harold (D:8)
  8 anacondas
  A two-headed ogre (D:9)
  A death knight (D:10)
  10 naga sharpshooters
  4 orc high priests
  5 death yaks (Lair:5)
  5 shock serpents
  Sonja (Lair:3)
  6 salamander mystics
  A skeletal warrior (D:10)
  A swamp dragon (Lair:6)
  11 naga ritualists
  A deep elf archer (Orc:2)
  2 unseen horrors
  Pikel (D:7)
  A lindwurm (Lair:3)
  9 mana vipers
  3 orc knights (Orc:2)
  A necromancer (IceCv)
  A cyclops (Orc:1)
  5 orc sorcerers
  3 deep elf magi
  A manticore (D:8)
  25 black mambas
  12 salamanders
  4 elephants (Lair:6)
  2 guardian serpents (Snake:4)
  Joseph (D:8)
  19 naga magi
  Maurice (D:8)
  A torpor snail (Lair:4)
  4 ice statues (IceCv)
  7 spiny frogs
  6 komodo dragons
  7 rime drakes
  A freezing wraith (D:10)
  8 ice devils (IceCv)
  Grinder (D:3)
  4 trolls
  A hornet (D:9)
  11 polar bears
  11 hippogriffs
  4 raiju (Lair:6)
  Prince Ribbit (D:8)
  7 blink frogs
  2 dream sheep
  2 spriggans (Lair:1)
  Sigmund (D:2)
  A wraith (D:10)
  A shadow (D:11)
  30 yaks
  5 basilisks
  6 wyverns (Lair:5)
  2 steam dragons (Lair:6)
  Menkaure (D:6)
  A soldier ant (D:7)
  35 nagas
  2 hydra simulacra (Lair:2)
  8 wargs
  An acid dragon (Lair:6)
  13 hell hounds (Lair:6)
  19 water moccasins
  13 porcupines
  Duvessa (D:7)
  2 ice beasts (D:5)
  A swamp drake (Lair:6)
  33 orc warriors
  13 black bears
  5 phantoms
  2 sky beasts
  A slave (D:7)
  A necrophage (D:5)
  9 ogres
  6 centaurs
  17 crocodiles
  18 wolves
  2 big kobolds
  13 bullfrogs
  A gnoll sergeant (D:10)
  Dowan (D:7)
  A water moccasin zombie (D:5)
  4 scorpions
  11 killer bees
  5 wights
  2 centaur zombies
  3 crimson imps
  A bullfrog zombie (D:9)
  2 draconian simulacra (IceCv)
  A hippogriff simulacrum (Lair:2)
  4 hounds
  3 jellies
  Crazy Yiuf (D:3)
  22 orc priests
  2 centaur skeletons
  Jessica (D:2)
  4 iguanas (Lair:6)
  Natasha (D:3)
  15 orc wizards
  2 troll simulacra (IceCv)
  7 worker ants
  2 yak simulacra (Lair:2)
  A bullfrog simulacrum (Lair:2)
  2 centaur simulacra (IceCv)
  A hound skeleton (D:4)
  A howler monkey zombie (D:11)
  A worker ant zombie (D:7)
  Robin (D:3)
  5 gnolls (D:10)
  2 naga simulacra (IceCv)
  16 adders
  A crocodile simulacrum (Lair:2)
  2 ogre simulacra (IceCv)
  4 shadow imps
  An ooze (D:6)
  An adder skeleton (D:5)
  A worm (D:3)
  A dart slug (D:1)
  4 leopard geckos
  115 orcs
  2 ball pythons
  4 bats
  4 giant cockroaches
  22 goblins
  9 hobgoblins
  5 jackals
  5 quokkas
  3 frilled lizards
  10 kobolds
  2 rats (D:2)
  6 fungi
  10 plants
858 creatures vanquished.

Vanquished Creatures (others)
  2 slaves (D:7)
  A centaur skeleton (D:7)
  An orc priest (D:7)
  2 orcs
  4 fungi
  20 plants
30 creatures vanquished.

Grand Total: 888 creatures vanquished

Notes
Turn   | Place    | Note
-------+----------+-------------------------------------------
     0 | D:1      | Naow the Formicid Fighter began the quest for the Orb.
     0 | D:1      | Reached XP level 1. HP: 18/18 MP: 1/1
   361 | D:1      | Reached XP level 2. HP: 24/24 MP: 2/2
  1134 | D:2      | Reached skill level 3 in Axes
  1134 | D:2      | Reached XP level 3. HP: 17/29 MP: 3/3
  1408 | D:2      | Noticed Jessica
  1421 | D:2      | Killed Jessica
  1421 | D:2      | Reached skill level 4 in Axes
  1421 | D:2      | Reached XP level 4. HP: 28/35 MP: 4/4
  2085 | D:2      | Noticed Sigmund
  2121 | D:2      | Killed Sigmund
  2121 | D:2      | Reached skill level 5 in Axes
  2121 | D:2      | Reached XP level 5. HP: 11/41 MP: 5/5
  2121 | D:2      | Reached XP level 6. HP: 13/47 MP: 6/6
  2392 | D:2      | Found a hide-covered altar of Uskayaw.
  2426 | D:3      | Noticed Grinder
  2434 | D:3      | Reached skill level 6 in Axes
  2450 | D:3      | Killed Grinder
  2450 | D:3      | Reached skill level 7 in Axes
  2450 | D:3      | Reached XP level 7. HP: 39/52 MP: 7/7
  2710 | D:3      | Found a basalt altar of Yredelemnul.
  2739 | D:3      | Noticed Natasha
  2746 | D:3      | Killed Natasha
  2908 | D:3      | Found a bloodstained altar of Trog.
  3400 | D:3      | Noticed Robin
  3416 | D:3      | Killed Robin
  3619 | D:3      | Found a runed door.
  3623 | D:3      | Noticed Crazy Yiuf
  3639 | D:3      | Killed Crazy Yiuf
  4020 | D:4      | Reached skill level 8 in Axes
  4215 | D:4      | Found a shattered altar of Ashenzari.
  4232 | D:4      | Reached XP level 8. HP: 58/58 MP: 8/8
  4979 | D:5      | Entered Level 5 of the Dungeon
  5000 | D:5      | Reached skill level 9 in Axes
  5000 | D:5      | Reached skill level 5 in Shields
  5639 | D:5      | Reached XP level 9. HP: 61/61 MP: 9/9
  6045 | D:5      | Found a glowing golden altar of the Shining One.
  6347 | D:6      | Found a staircase to the Ecumenical Temple.
  6663 | Temple   | Entered the Ecumenical Temple
  6922 | D:6      | Reached skill level 5 in Armour
  6947 | D:6      | Reached skill level 5 in Fighting
  7078 | D:6      | Found an iron altar of Okawaru.
  7078 | D:6      | Found a white marble altar of Elyvilon.
  7080 | D:6      | Found a shimmering altar of Xom.
  7082 | D:6      | Found a glowing golden altar of the Shining One.
  7135 | D:6      | Became a worshipper of Warmaster Okawaru
  7165 | D:6      | Noticed Menkaure
  7173 | D:6      | Killed Menkaure
  7611 | D:7      | Reached skill level 10 in Axes
  7691 | D:7      | Noticed Dowan
  7692 | D:7      | Noticed Duvessa
  7695 | D:7      | Noticed Pikel
  7709 | D:7      | Killed Duvessa
  7711 | D:7      | Killed Dowan
  7719 | D:7      | Noticed an unseen horror
  7720 | D:7      | Reached * piety under Okawaru
  7727 | D:7      | Killed an unseen horror
  7727 | D:7      | Reached XP level 10. HP: 27/73 MP: 10/10
  7747 | D:7      | Gained mutation: You possess an exceptional clarity of
                  | mind. [potion of mutation]
  7747 | D:7      | Gained mutation: You are weak. (Str -2) [potion of
                  | mutation]
  7747 | D:7      | Gained mutation: You evolve. [potion of mutation]
  7747 | D:7      | Lost mutation: You are weak. (Str -2) [potion of mutation]
  7748 | D:7      | Killed Pikel
  7748 | D:7      | Reached ** piety under Okawaru
  8121 | D:7      | Found an opulent altar of Gozag.
  8122 | D:7      | Found a glowing silver altar of Zin.
  8123 | D:7      | Found a white marble altar of Elyvilon.
  8123 | D:7      | Found a shadowy altar of Dithmenos.
  8126 | D:7      | Reached skill level 11 in Axes
  8676 | D:7      | Reached *** piety under Okawaru
  9187 | D:8      | Noticed Harold
  9199 | D:8      | Killed Harold
  9199 | D:8      | Reached **** piety under Okawaru
  9211 | D:8      | Noticed Maurice
  9216 | D:8      | Noticed Joseph
  9486 | D:8      | Killed Maurice
  9486 | D:8      | Reached XP level 11. HP: 83/83 MP: 11/11
  9676 | D:8      | Killed Joseph
 10025 | D:8      | Found a snail-covered altar of Cheibriados.
 10080 | D:8      | Noticed Prince Ribbit
 10132 | D:8      | Killed Prince Ribbit
 10262 | D:9      | Noticed a manticore
 10262 | D:9      | Noticed a two-headed ogre
 10266 | D:8      | Killed a manticore
 10266 | D:8      | Reached ***** piety under Okawaru
 10266 | D:8      | Reached skill level 12 in Axes
 10606 | D:9      | Found Rys Kac's Jewellery Boutique.
 10665 | D:9      | Killed a two-headed ogre
 10665 | D:9      | Reached skill level 10 in Shields
 10816 | D:9      | Gained mutation: You are agile. (Dex +2) [evolution]
 11107 | D:10     | Entered Level 10 of the Dungeon
 11137 | D:10     | Received a gift from Okawaru
 11197 | D:10     | Found a staircase to the Orcish Mines.
 11428 | D:10     | Noticed a death knight
 11428 | D:10     | Noticed a skeletal warrior
 11452 | D:10     | Noticed an unseen horror
 11477 | D:10     | Found a staircase to the Lair.
 11485 | D:11     | Killed an unseen horror
 11820 | D:11     | Reached skill level 13 in Axes
 11831 | D:11     | Reached XP level 12. HP: 87/89 MP: 12/12
 12065 | D:11     | Gained mutation: You are partially covered in iridescent
                  | scales. (AC +2) [evolution]
 12065 | D:11     | Lost mutation: You evolve. [end of evolution]
 12118 | D:11     | Found Penaeresch's Book Emporium.
 12696 | D:10     | Killed a death knight
 12696 | D:10     | Reached skill level 10 in Armour
 12707 | D:10     | Killed a skeletal warrior
 13061 | Lair:1   | Entered Level 1 of the Lair of Beasts
 13430 | Lair:1   | Noticed an eight-headed hydra
 13496 | D:10     | Received a gift from Okawaru
 13536 | D:12     | Noticed an eight-headed hydra
 13562 | Orc:1    | Entered Level 1 of the Orcish Mines
 13729 | Orc:1    | Noticed an orc high priest
 13734 | Orc:1    | Noticed a sun demon
 13739 | Orc:1    | Reached skill level 14 in Axes
 13757 | Orc:1    | Killed an orc high priest
 14046 | Orc:2    | Entered Level 2 of the Orcish Mines
 14046 | Orc:2    | Found a staircase to the Elven Halls.
 14545 | Orc:2    | Found a roughly hewn altar of Beogh.
 14557 | Orc:2    | Noticed an ettin
 14564 | Orc:2    | Killed an ettin
 14564 | Orc:2    | Reached XP level 13. HP: 93/98 MP: 11/13
 14565 | Orc:2    | Identified the +6 scimitar of Havoc {protect, rF- Dex+5}
 14711 | Orc:2    | Noticed an orc warlord
 14739 | Orc:2    | Killed an orc warlord
 14779 | Orc:2    | Reached skill level 15 in Axes
 14852 | Orc:2    | Received a gift from Okawaru
 14860 | Orc:2    | Found a roughly hewn altar of Beogh.
 14995 | Orc:2    | Found Keniweek's Weapon Shop.
 15064 | Orc:2    | Noticed an orc warlord
 15112 | Orc:2    | Killed an orc warlord
 15112 | Orc:2    | Reached ****** piety under Okawaru
 15384 | Orc:2    | Gained mutation: You are dopey. (Int -2) [a neqoxec]
 15387 | Orc:2    | Gained mutation: You are frail. (-10% HP) [a neqoxec]
 16192 | Orc:2    | Found Suegir's Antique Weapon Boutique.
 16193 | Orc:2    | Found a roughly hewn altar of Beogh.
 16194 | Orc:2    | Found Peyder's Antique Armour Shop.
 16201 | Orc:2    | Bought a faintly glowing cloak for 247 gold pieces
 16211 | Orc:2    | Identified the +0 cloak of the Sun {-Tele rPois Regen+}
                  | (You bought it in a shop on level 2 of the Orcish Mines)
 16295 | Orc:2    | Found a roughly hewn altar of Beogh.
 16326 | Orc:2    | Found Orghy's Magic Scroll Shoppe.
 16331 | Orc:2    | Bought a scroll of remove curse for 42 gold pieces
 16331 | Orc:2    | Bought a scroll of remove curse for 42 gold pieces
 16331 | Orc:2    | Bought a scroll of enchant weapon for 105 gold pieces
 16331 | Orc:2    | Bought a scroll of brand weapon for 280 gold pieces
 16382 | Orc:2    | Found a roughly hewn altar of Beogh.
 16601 | Orc:1    | Found a roughly hewn altar of Beogh.
 16889 | Lair:1   | Killed an eight-headed hydra
 16964 | Lair:1   | Noticed a seven-headed hydra
 16967 | Lair:1   | Found a burning altar of Makhleb.
 16981 | Lair:1   | Killed a seven-headed hydra
 17071 | Lair:1   | Reached XP level 14. HP: 94/98 MP: 14/14
 17442 | Lair:2   | Received a gift from Okawaru
 17613 | Lair:2   | Found a runed gate.
 17613 | Lair:2   | Found a runed gate.
 17613 | Lair:2   | Found a runed gate.
 17648 | Lair:2   | Noticed hemabe's ghost (journeyman HuAr)
 17686 | Lair:2   | Reached skill level 16 in Axes
 17688 | Lair:2   | Received a gift from Okawaru
 17688 | Lair:2   | Reached skill level 10 in Fighting
 17700 | Lair:2   | Killed hemabe's ghost
 17766 | Lair:2   | Got the ring "Japur" {Fire}
 17768 | Lair:2   | Identified the ring "Japur" {Fire MR+} (You found it on
                  | level 2 of the Lair of Beasts)
 17840 | Lair:2   | Got a translucent plate armour {god gift}
 17871 | Lair:2   | Identified the +0 plate armour of Refuge {rC+ rN+ Stlth+}
                  | (Okawaru gifted it to you on level 2 of the Lair of Beasts)
 17900 | Lair:2   | Found a frozen archway.
 17936 | IceCv    | Entered an ice cave
 18552 | Lair:2   | Found a staircase to the Shoals.
 19152 | Lair:3   | Noticed Sonja
 19162 | Lair:3   | Killed Sonja
 19622 | Lair:3   | Found a staircase to the Snake Pit.
 20285 | Lair:4   | Received a gift from Okawaru
 20288 | Lair:4   | Got a bloodstained ring mail {god gift}
 20711 | Lair:4   | Reached skill level 17 in Axes
 21150 | Lair:5   | Found a staircase to the Slime Pits.
 21150 | Lair:5   | Found a viscous altar of Jiyva.
 21240 | Lair:5   | Reached skill level 1 in Dodging
 21240 | Lair:5   | Reached XP level 15. HP: 102/107 MP: 13/15
 21573 | Lair:5   | Noticed Snorg
 21585 | Lair:5   | Killed Snorg
 21932 | Lair:6   | Entered Level 6 of the Lair of Beasts
 22750 | Lair:6   | Received a gift from Okawaru
 23065 | Lair:6   | Identified a scroll of acquirement
 23068 | Lair:6   | Got a wavering tin amulet
 23069 | Lair:6   | Identified the amulet of Prescription {+Inv rElec Regen+
                  | Str-5} (You acquired it on level 6 of the Lair of Beasts)
 23090 | Lair:6   | Identified the +3 ring mail of Hasirr {Dex+3} (Okawaru
                  | gifted it to you on level 4 of the Lair of Beasts)
 23267 | Lair:6   | Reached skill level 18 in Axes
 23494 | Snake:1  | Entered Level 1 of the Snake Pit
 23595 | Snake:1  | Reached XP level 16. HP: 111/114 MP: 16/16
 23906 | Snake:1  | Found Epnam Saiho's General Store.
 23911 | Snake:1  | Found Faetit's Jewellery Boutique.
 24148 | Snake:1  | Reached skill level 5 in Dodging
 24149 | Snake:1  | Received a gift from Okawaru
 24425 | Snake:2  | You fall through a shaft!
 25279 | Snake:2  | Noticed a nagaraja
 25289 | Snake:2  | Killed a nagaraja
 25289 | Snake:2  | Received a gift from Okawaru
 25331 | Snake:2  | Noticed a nagaraja
 25348 | Snake:2  | Killed a nagaraja
 25490 | Snake:2  | Found Abruj's Distillery.
 25499 | Snake:2  | Bought a potion of might for 40 gold pieces
 25499 | Snake:2  | Bought a potion of heal wounds for 50 gold pieces
 25499 | Snake:2  | Bought a potion of curing for 30 gold pieces
 25505 | Snake:2  | Found Dekkex's Magic Scroll Emporium.
 25530 | Snake:2  | Bought a scroll of identify for 40 gold pieces
 25530 | Snake:2  | Bought a scroll of identify for 40 gold pieces
 25617 | Snake:2  | Found Perphut's Assorted Antiques.
 25703 | Snake:2  | Reached skill level 15 in Armour
 26071 | Snake:2  | Found Hutz's Book Shoppe.
 26074 | Snake:2  | Found Osenoh's Gadget Emporium.
 26152 | Snake:2  | Received a gift from Okawaru
 26152 | Snake:2  | Reached skill level 19 in Axes
 26155 | Snake:2  | Got a shimmering shield {god gift}
 26166 | Snake:2  | Identified the +0 shield of Ytunuoc {rF+ rC- SInv} (Okawaru
                  | gifted it to you on level 2 of the Snake Pit)
 26498 | Snake:4  | Entered Level 4 of the Snake Pit
 26585 | Snake:4  | Reached XP level 17. HP: 91/122 MP: 17/17
 27052 | Snake:4  | Found Pacushra's General Store.
 28117 | Snake:4  | Received a gift from Okawaru
 28314 | Snake:3  | Killed from afar by a nagaraja

Vault maps used:
D:1:      dpeg_arrival_shrine
D:2:      lemuel_doored_altar, hex_medium, uniq_sigmund, uniq_jessica
D:3:      kennysheep_goblin_castle, yredelemnul_altar_generic,
          lightli_temple_of_fire, mrwooster_statue_mirror,
          uniq_crazy_yiuf_cottage, uniq_grinder, uniq_natasha
D:4:      minmay_spotlight, first_ration, cheibrodos_ashenzari_chains
D:5:      minmay_strange_pillars, tso_metal_star
D:6:      minitemple, minmay_temple_entry_arrows, uniq_menkaure
D:7:      minmay_the_grid_octo_tiled_octocenter, kennysheep_boxes, uniq_duvessa,
          uniq_pikel
D:8:      cheibriados_altar_1, uniq_prince_ribbit1, uniq_maurice, uniq_harold,
          uniq_joseph
D:9:      special_room, serial_shops, nicolae_shop_crystal
D:10:     lair_entry_dummy, hiddenorc2_lemuel
D:11:     serial_shops, nicolae_shop_behind_doors
D:12:     serial_shops, shop
Temple:   eino_temple_water
Lair:1:   wad_woods_stonehenge, minivault_25
Lair:2:   minmay_shoals_entry_centaurs, portal_ice_cave_rime,
          gammafunk_ghost_icy, minmay_shattered_shrine
Lair:3:   minmay_snake_entry_six_corridors, chequers_serial_rivers_micro_c,
          uniq_sonja
Lair:5:   slime_altar_1, beast_lair_carwin_10, uniq_snorg
Lair:6:   hangedman_lair_caniforms_friends, guppyfry_lair_end_dragon,
          chequers_serial_rivers_micro_d
Snake:1:  minmay_shop_star
Snake:2:  serial_shops, shop, shop, nicolae_shop_stone, shop, shop,
          grunt_megastairs_1
Snake:3:  dpeg_oklob_gauntlet, serial_bayou_pond_d, st_stairs_13
Snake:4:  johnstein_snake_rune_scales, serial_shops, nicolae_shop_statue_plus,
          st_stairs_1
Orc:1:    mines1_david
Orc:2:    grunt_orc_community_town_hall, grunt_orc_community_big_house_2,
          grunt_orc_community_big_house_2, grunt_orc_community_house_3,
          grunt_orc_community_house_1, grunt_orc_community_house_3,
          grunt_orc_community_house_3, grunt_orc_community_house_1, elf_legates
IceCv:    ice_cave_tombish

Skill      XL: |  1  2  3  4  5  6  7  8  9 10 11 12 13 14 15 16 17 |
---------------+----------------------------------------------------+-----
Axes           | 3 4 5 7 8 9 10 11 13 14 15 17 18 19 | 19.7
Shields        | 4 6 8 9 10 | 10.1
Fighting       | 5 6 7 9 11 12 13 | 13.9
Armour         | 6 7 9 11 12 13 14 15 | 15.7
Dodging        | 1 4 6 7 |  7.7

Action                   |  1- 3 |  4- 6 |  7- 9 | 10-12 | 13-15 | 16-18 || total
-------------------------+-------+-------+-------+-------+-------+-------++-------
Melee: War axe           |    58 |    75 |   429 |       |       |       ||   562
       Battleaxe         |       |       |    44 |   557 |  1170 |       ||  1771
       Flail             |       |       |       |       |    28 |       ||    28
       Executioner's axe |       |       |       |       |   156 |   679 ||   835
Invok: Heroism           |       |       |       |     9 |    11 |    10 ||    30
       Finesse           |       |       |       |       |     2 |     1 ||     3
 Abil: Dig               |       |       |       |     1 |       |       ||     1
  Use: Potion            |       |     1 |     1 |     7 |     1 |     5 ||    15
       Scroll            |       |       |       |    16 |     6 |       ||    22
  Eat: Chunk             |     2 |     2 |    18 |    23 |    20 |     8 ||    73
       Ration            |       |       |       |       |     3 |     2 ||     5
Armor: Scale mail        |    20 |    25 |    92 |       |       |       ||   137
       Plate armour      |       |       |   104 |    37 |       |       ||   141
       Skin              |       |       |       |    24 |       |       ||    24
       Crystal plate arm |       |       |       |   277 |   875 |   540 ||  1692
Dodge: Dodged            |    25 |    25 |   109 |    86 |   260 |   172 ||   677
Block: Shield            |    36 |    34 |   214 |   436 |   924 |   593 ||  2237
       Reflection        |       |       |       |     9 |    20 |    85 ||   114

Table legend:
 A = Non-vault XP
 B = Vault XP
 C = Vault XP percentage of total XP
 D = Non-vault monster count
 E = Vault monster count
 F = Vault count percentage of total count
                 A         B        C        D         E       F
            +---------+---------+-------+---------+---------+-------
      Total |  108824 |   88852 |  44.9 |     444 |     397 |  47.2
            +---------+---------+-------+---------+---------+-------
        D:1 |      15 |       0 |   0.0 |       8 |       0 |   0.0
        D:2 |      67 |     249 |  78.8 |      19 |       2 |   9.5
        D:3 |      36 |     430 |  92.3 |      13 |      24 |  64.9
        D:4 |     460 |      78 |  14.5 |      12 |       3 |  20.0
        D:5 |    1112 |       0 |   0.0 |      22 |       0 |   0.0
        D:6 |     576 |     172 |  23.0 |      15 |       1 |   6.2
        D:7 |     806 |    2754 |  77.4 |      10 |      25 |  71.4
        D:8 |     564 |    2119 |  79.0 |       3 |       4 |  57.1
        D:9 |    2076 |     484 |  18.9 |      22 |      24 |  52.2
       D:10 |    3125 |    1148 |  26.9 |      25 |      34 |  57.6
       D:11 |    2564 |       0 |   0.0 |      16 |       0 |   0.0
     Temple |     206 |       0 |   0.0 |       4 |       0 |   0.0
     Lair:1 |    2926 |    2142 |  42.3 |      12 |       6 |  33.3
     Lair:2 |    3204 |    6185 |  65.9 |      18 |      27 |  60.0
     Lair:3 |    4024 |    2432 |  37.7 |      16 |      15 |  48.4
     Lair:4 |    2405 |       0 |   0.0 |      14 |       0 |   0.0
     Lair:5 |    9599 |    2898 |  23.2 |      26 |       9 |  25.7
     Lair:6 |   10400 |   14125 |  57.6 |      32 |      72 |  69.2
    Snake:1 |   13898 |       0 |   0.0 |      23 |       0 |   0.0
    Snake:2 |   19823 |    4231 |  17.6 |      35 |       7 |  16.7
    Snake:3 |    6334 |    3706 |  36.9 |      13 |       5 |  27.8
    Snake:4 |   16765 |   26363 |  61.1 |      32 |      42 |  56.8
      Orc:1 |    5846 |     715 |  10.9 |      38 |       2 |   5.0
      Orc:2 |    1993 |   13185 |  86.9 |      16 |      72 |  81.8
      IceCv |       0 |    5436 | 100.0 |       0 |      23 | 100.0
            +---------+---------+-------+---------+---------+-------
